 Dungeon Crawl Stone Soup version 0.19.5 (webtiles) character file.

1073 GordonOverkill the Basher (level 8, -3/84 HPs)
             Began as an Ogre Skald on May 22, 2017.
             Slain by Azzok's ghost (16 damage)
             ... on level 5 of the Dungeon.
             The game lasted 00:19:05 (7977 turns).

GordonOverkill the Basher (Ogre Skald)              Turns: 7977, Time: 00:19:06

Health: -3/84      AC:  4    Str: 20    XL:     8   Next: 29%
Magic:  11/11      EV:  9    Int: 11    God:
Gold:   156        SH:  0    Dex:  9    Spells: 4 memorised, 3 levels left

rFire  . . .     SeeInvis .     f - +0 flail
rCold  . . .     Gourm    .     b - +1 robe
rNeg   . . .     Faith    .     (no shield)
rPois  .         Spirit   .     (helmet restricted)
rElec  .         Reflect  .     (no cloak)
rCorr  .         Harm     .     (gloves unavailable)
MR     .....                    (boots unavailable)
Stlth  +.........               h - amulet of magic regeneration
                                (no ring)
                                (no ring)

@: no status effects
A: unfitting armour, tough skin 1
a: no special abilities


You were on level 5 of the Dungeon.
You were not hungry.

You visited 1 branch of the dungeon, and saw 5 of its levels.

You collected 156 gold pieces.

Inventory:

Hand Weapons
 f - a +0 flail (weapon)
Missiles
 k - 111 stones (quivered)
 n - a throwing net
Armour
 b - a +1 robe (worn)
 q - a +0 shield
Jewellery
 h - an amulet of magic regeneration (around neck)
 j - a +1 ring of protection {unknown}
 s - an uncursed ring of ice
Wands
 p - a wand of digging (20/24)
Scrolls
 a - 3 scrolls of identify
 l - 2 scrolls of remove curse
 r - 2 scrolls of teleportation
Potions
 e - a potion of flight
 o - 2 potions of curing
 u - a potion of cure mutation {unknown}
Books
 c - a book of Battle

   Spells                             Type                      Level
   a - Infusion                       Charms                       1
   b - Shroud of Golubria             Charms/Translocation         2
   c - Song of Slaying                Charms                       2
   d - Spectral Weapon                Hexes/Charms                 3
   e - Regeneration                   Charms/Necromancy            3
Comestibles
 d - 3 bread rations
 g - 4 meat rations
 i - a beef jerky
 m - 4 fruits
 t - a slice of pizza


   Skills:
 + Level 6.8 Fighting
 * Level 9.4 Maces & Flails
 - Level 1.3 Dodging
 - Level 2.4 Spellcasting
 - Level 3.1 Charms
 + Level 1.8 Necromancy


You had 3 spell levels left.
You knew the following spells:

 Your Spells              Type           Power        Failure   Level  Hunger
a - Infusion              Chrm           #...         10%         1    ##.....
b - Song of Slaying       Chrm           #.......     14%         2    ###....
c - Regeneration          Chrm/Necr      #.........   30%         3    ####...
d - Shroud of Golubria    Chrm/Tloc      #.........   24%         2    ###....


Dungeon Overview and Level Annotations

Branches:
Dungeon (5/15)
 Temple: D:4-7

Altars:
Sif Muna
The Shining One

Annotations:
D:5 Azzok's ghost, amateur CeFi


Innate Abilities, Weirdness & Mutations

You are too large for most types of armour.
You have tough skin. (AC +1)


Message History

The adder skeleton bites you.
* * * LOW HITPOINT WARNING * * *
The adder skeleton barely misses you.
Your magical contamination has completely faded away.
As you read the scroll of teleportation, it crumbles to dust.
You feel strangely unstable. The adder skeleton bites you.
* * * LOW HITPOINT WARNING * * *
Azzok's ghost hits you.
* * * LOW HITPOINT WARNING * * *
Your surroundings suddenly seem different.
Found a falchion and a leather armour.
You see here a falchion.
You start resting.
Azzok's ghost is nearby!
You see here a falchion.
Azzok's ghost barely misses you. Azzok's ghost hits you!
* * * LOW HITPOINT WARNING * * *
Azzok's ghost hits you!
You die...

#.....# #......#
#W##..###########......#
##.##.###...............#
#.Z#..###...............#
##.##....................#
#......###...............#
....#.####...........)[..#
.#.................#######
##.#.#.##.......@W.......
##.#.#..#...###.#########
...#.##.#.......#
...#.##.......#.#
...#..#>......#.#
...##...##....#.#
..####..##......####...
..............)<.....#
........##...........#


You could see Azzok's ghost.

Vanquished Creatures
  Grinder (D:3)
  Eustachio (D:4)
  A phantom (D:4)
  The ghost of Nr616 the Conjurer, an amateur GrWz of Vehumet (D:3)
  A howler monkey (D:5)
  2 hounds (D:4)
  An orc priest (D:4)
  An orc wizard (D:3)
  An iguana (D:4)
  4 worker ants
  Robin (D:1)
  A worker ant zombie (D:5)
  13 adders
  2 oozes (D:3)
  An adder skeleton (D:4)
  5 worms
  3 dart slugs
  2 leopard geckos (D:3)
  9 orcs
  9 bats
  8 giant cockroaches
  22 goblins
  6 hobgoblins
  15 jackals
  14 kobolds
  A quokka (D:4)
  2 ball pythons
  2 frilled lizards
  A jackal skeleton (D:4)
  3 rats
134 creatures vanquished.

Notes
Turn   | Place    | Note
-------+----------+-------------------------------------------
     0 | D:1      | GordonOverkill the Ogre Skald began the quest for the Orb.
     0 | D:1      | Reached XP level 1. HP: 22/22 MP: 3/3
    13 | D:1      | Reached skill level 3 in Maces & Flails
    34 | D:1      | Reached XP level 2. HP: 28/31 MP: 5/5
   350 | D:1      | Reached skill level 4 in Maces & Flails
   399 | D:1      | Reached XP level 3. HP: 11/37 MP: 6/6
  1236 | D:2      | Reached XP level 4. HP: 37/48 MP: 7/7
  1247 | D:2      | Reached skill level 5 in Maces & Flails
  1252 | D:2      | Noticed Robin
  1625 | D:1      | Killed Robin
  2532 | D:3      | Reached XP level 5. HP: 51/54 MP: 4/8
  2744 | D:3      | Learned a level 2 spell: Song of Slaying
  2748 | D:3      | Learned a level 3 spell: Regeneration
  2751 | D:3      | Learned a level 2 spell: Shroud of Golubria
  2809 | D:3      | Noticed a phantom
  3119 | D:3      | Noticed Nr616's ghost (amateur GrWz)
  3425 | D:2      | Reached skill level 6 in Maces & Flails
  3540 | D:3      | Killed Nr616's ghost
  3540 | D:3      | Reached XP level 6. HP: 60/65 MP: 4/9
  3578 | D:3      | Found a glowing golden altar of the Shining One.
  3651 | D:3      | Reached skill level 5 in Fighting
  3805 | D:3      | Noticed Grinder
  4227 | D:3      | HP: 3/66 [Grinder (6)]
  4228 | D:3      | Killed Grinder
  4228 | D:3      | Reached skill level 7 in Maces & Flails
  4228 | D:3      | Reached XP level 7. HP: 3/72 MP: 6/10
  4996 | D:4      | Reached skill level 8 in Maces & Flails
  5330 | D:4      | Noticed Eustachio
  6489 | D:4      | Killed Eustachio
  6489 | D:4      | Reached skill level 1 in Necromancy
  6489 | D:4      | Reached XP level 8. HP: 47/84 MP: 7/11
  6771 | D:4      | Reached skill level 9 in Maces & Flails
  7363 | D:5      | Entered Level 5 of the Dungeon
  7756 | D:3      | Found a deep blue altar of Sif Muna.
  7926 | D:5      | Noticed Azzok's ghost (amateur CeFi)
  7977 | D:5      | Slain by Azzok's ghost

Skill      XL: |  1  2  3  4  5  6  7  8 |
---------------+-------------------------+-----
Maces & Flails | 3 4 5 6 7 8 9 |  9.4
Fighting       | 3 4 5 6 |  6.8
Charms         | 3 |  3.1
Necromancy     | 1 |  1.8
Dodging        | |  1.3
Spellcasting   | |  2.4

Action                   |  1- 3 |  4- 6 |  7- 9 || total
-------------------------+-------+-------+-------++-------
Melee: Mace              |   108 |   219 |   110 ||   437
       Flail             |       |       |   110 ||   110
Throw: Stone             |     5 |     1 |     7 ||    13
 Cast: Infusion          |     1 |    15 |    21 ||    37
       Shroud of Golubri |       |     2 |    10 ||    12
       Song of Slaying   |       |       |     2 ||     2
       Regeneration      |       |       |     1 ||     1
  Use: Scroll            |     7 |     4 |     7 ||    18
       Potion            |       |       |     1 ||     1
 Stab: Sleeping          |     1 |       |       ||     1
  Eat: Chunk             |     1 |     8 |    11 ||    20
       Fruit             |       |     2 |       ||     2
       Royal jelly       |       |       |     1 ||     1
       Beef jerky        |       |       |     1 ||     1
Armor: Robe              |    47 |    63 |    81 ||   191
Dodge: Dodged            |    76 |   116 |   123 ||   315
